 Dungeon Crawl Stone Soup version 0.24.0-37-gcf1ca852f1 (webtiles) character file.

Game seed: 6623734649615908673, levelgen mode: deterministic

1586876 RandomHijinx the Intangible (level 27, 237/242 HPs)
             Began as a Merfolk Arcane Marksman on Dec 3, 2019.
             Was the Champion of Okawaru.
             Escaped with the Orb
             ... and 3 runes on Dec 5, 2019!
             The game lasted 04:21:39 (84280 turns).

RandomHijinx the Intangible (MfAM)                 Turns: 84280, Time: 04:21:40

Health: 237/242    AC: 20    Str: 27    XL:     27
Magic:  29/33      EV: 36    Int: 15    God:    Okawaru [******]
Gold:   1955       SH: 21    Dex: 29    Spells: 19/46 levels left

rFire    + + .     SeeInvis +   i - +7 demon trident of Grandeur {freeze, +Inv rN+ Str+3}
rCold    . . .     Gourm    .   Q - +5 shield
rNeg     + . .     Faith    .   u - +0 fire dragon scales
rPois    .         Spirit   .   H - +2 helmet
rElec    +         Reflect  .   e - -1 cloak "Poenk" {rElec Str+4 Dex+4}
rCorr    .         Harm     .   Y - +0 pair of fencer's gloves {Riposte Dex+3}
MR       ++...                  t - +2 pair of boots
Stlth    +.........             y - amulet of regeneration
HPRegen  1.90/turn              P - ring of Gexuk {Str+4 Dex+5 Slay+4 SInv}
MPRegen  0.23/turn              c - ring of protection from cold

@: very slightly contaminated, regenerating (expiring), hasted, deflect
missiles, very quick
A: change form in water, swift swim, stealthy swim, deterioration 1, low mp 1,
weak 1, subdued magic 1
0: Orb of Zot
}: 3/15 runes: serpentine, barnacled, slimy
a: Heroism, Finesse, Renounce Religion, Evoke Invisibility


You escaped.
You worshipped Okawaru.
Okawaru was exalted by your worship.
You were full.

You visited 10 branches of the dungeon, and saw 53 of its levels.
You visited 1 bazaar.
You also visited: Gauntlet.

You collected 7215 gold pieces.
You spent 5260 gold pieces at shops.

Inventory:

Hand Weapons
 i - the +7 demon trident of Grandeur (weapon) {freeze, +Inv rN+ Str+3}
   (Okawaru gifted it to you on level 4 of the Vaults)

   It has been specially enchanted to freeze those struck by it, causing extra
   injury to most foes and up to half again as much damage against particularly
   susceptible opponents.
   It can also slow down cold-blooded creatures.
   It affects your strength (+3).
   It protects you from negative energy.
   It lets you turn invisible.
Missiles
 m - 86 boomerangs
 x - 99 javelins
 J - 13 throwing nets
 O - 39 silver javelins (quivered)
 V - 18 silver boomerangs
Armour
 e - the -1 cloak "Poenk" (worn) {rElec Str+4 Dex+4}
   (Okawaru gifted it to you on level 3 of the Shoals)

   It affects your strength (+4).
   It affects your dexterity (+4).
   It insulates you from electricity.
 t - a +2 pair of boots (worn)
 u - +0 fire dragon scales (worn)
 H - a +2 helmet (worn)
 Q - a +5 shield (worn)
 Y - the +0 pair of fencer's gloves (worn) {Riposte Dex+3}
   (You found it on level 4 of the Shoals)

   It affects your dexterity (+3).
Jewellery
 c - a ring of protection from cold (right hand)
 v - an uncursed ring of protection from fire
 y - an amulet of regeneration (around neck)
 C - the ring of the Queen {rPois Slay+6 Stlth-}
   (You bought it in a shop on level 4 of the Snake Pit)

   [ring of attention]

   It affects your accuracy and damage with ranged weapons and melee attacks
   (+6).
   It protects you from poison.
   It makes you less stealthy.
 P - the ring of Gexuk (left hand) {Str+4 Dex+5 Slay+4 SInv}
   (You found it on level 10 of the Dungeon)

   [ring of strength]

   It affects your strength (+4).
   It affects your dexterity (+5).
   It affects your accuracy and damage with ranged weapons and melee attacks
   (+4).
   It lets you see invisible.
Wands
 p - a wand of scattershot (4)
 A - a wand of iceblast (27)
 I - a wand of random effects (6)
 N - a wand of digging (1)
 U - a wand of acid (10)
Scrolls
 a - 4 scrolls of identify
 g - 24 scrolls of remove curse
 h - 24 scrolls of teleportation
 l - a scroll of magic mapping
 w - 11 scrolls of amnesia
 B - 4 scrolls of immolation
 M - a scroll of enchant armour
 R - 9 scrolls of fog
 W - 5 scrolls of holy word
 X - 4 scrolls of blinking
 Z - 6 scrolls of fear
Potions
 d - 4 potions of heal wounds
 j - 4 potions of mutation
 k - 8 potions of might
 n - 6 potions of cancellation
 r - 6 potions of ambrosia
 s - 4 potions of resistance
 D - 11 potions of agility
 E - 9 potions of flight
 F - a potion of berserk rage
 G - 3 potions of magic
 K - 9 potions of lignification
 L - 4 potions of brilliance
 S - 19 potions of curing
 T - a potion of haste
Miscellaneous
 b - a phial of floods
 o - a lamp of fire
 z - a box of beasts
Comestibles
 f - 34 rations


   Skills:
 + Level 25.1 Fighting
 - Level 14.0 Polearms
 - Level 16.0 Throwing
 - Level 10.0 Armour
 O Level 27 Dodging
 - Level 15.0 Shields
 - Level 10.0 Spellcasting
 - Level 12.0 Hexes
 - Level 16.6 Charms
 - Level 5.0 Necromancy
 - Level 10.0 Air Magic
 - Level 8.0 Invocations
 - Level 15.0 Evocations


You had 19 spell levels left.
You knew the following spells:

 Your Spells              Type           Power        Failure   Level  Hunger
a - Corona                Hex            ####...      1%          1    None
b - Confuse               Hex            ####....     1%          3    None
c - Cause Fear            Hex            ####......   1%          4    ###....
d - Silence               Hex/Air        ####......   4%          5    #####..
e - Spectral Weapon       Hex/Chrm       #####...     1%          3    None
f - Regeneration          Chrm/Necr      ####......   1%          3    None
g - Song of Slaying       Chrm           #####...     0%          2    None
h - Deflect Missiles      Chrm/Air       #####.....   12%         6    ######.

Your spell library contained the following spells:

 Spells                   Type           Power        Failure   Level  Hunger
 Infusion                 Chrm           ####         0%          1    None
 Animate Skeleton         Necr           N/A          1%          1    None
 Confusing Touch          Hex            ####..       1%          1    None
 Shock                    Conj/Air       ###.         1%          1    None
 Ensorcelled Hibernation  Hex/Ice        ###...       1%          2    None
 Shroud of Golubria       Chrm/Tloc      ####..       1%          2    None
 Slow                     Hex            ####....     1%          2    None
 Swiftness                Chrm/Air       #####...     1%          2    None
 Ozocubu's Armour         Chrm/Ice       ####....     1%          3    None
 Tukima's Dance           Hex            ####....     1%          3    None
 Airstrike                Air            ####......   2%          4    ###....
 Corpse Rot               Necr           N/A          3%          2    None
 Poisonous Vapours        Pois/Air       ###...       3%          2    None
 Sublimation of Blood     Necr           ###.......   3%          2    None
 Dazzling Spray           Conj/Hex       ###...       4%          3    None
 Inner Flame              Hex/Fire       ###.....     4%          3    None
 Portal Projectile        Hex/Tloc       ###...       4%          3    None
 Summon Guardian Golem    Hex/Summ       ###.....     4%          3    None
 Static Discharge         Conj/Air       ###.....     7%          3    None
 Mephitic Cloud           Conj/Pois/Air  ##......     13%         3    None
 Fulminant Prism          Conj/Hex       ###.......   16%         4    ###....
 Leda's Liquefaction      Hex/Erth       ###.......   16%         4    ###....
 Apportation              Tloc           #.....       19%         1    None
 Beastly Appendage        Tmut           #.....       19%         1    None
 Freeze                   Ice            #...         19%         1    None
 Magic Dart               Conj           #...         19%         1    None
 Sting                    Conj/Pois      #...         19%         1    None
 Summon Small Mammal      Summ           #...         19%         1    None
 Darkness                 Hex            ####......   21%         6    ######.
 Invisibility             Hex            ####....     21%         6    ######.
 Animate Dead             Necr           N/A          22%         4    ###....
 Summon Lightning Spire   Summ/Air       ###.....     22%         4    ###....
 Blink                    Tloc           N/A          28%         2    None
 Call Imp                 Summ           #.......     28%         2    None
 Passwall                 Tmut/Erth      #.......     28%         2    None
 Searing Ray              Conj           #.....       28%         2    None
 Sticks to Snakes         Tmut           #.......     28%         2    None
 Throw Flame              Conj/Fire      #.....       28%         2    None
 Throw Frost              Conj/Ice       #.....       28%         2    None
 Summon Mana Viper        Hex/Summ       ###.....     41%         5    #####..
 Yara's Violent Unravell  Hex/Tmut       ###.......   41%         5    #####..
 Call Canine Familiar     Summ           #.......     50%         3    None
 Gell's Gravitas          Tloc           #.........   50%         3    None
 Ignite Poison            Fire/Tmut/Pois #.......     50%         3    None
 Lesser Beckoning         Tloc           #.........   50%         3    None
 Recall                   Summ/Tloc      N/A          50%         3    None
 Spider Form              Tmut/Pois      #.........   50%         3    None
 Stone Arrow              Conj/Erth      #.....       50%         3    None
 Teleport Other           Tloc           #.......     50%         3    None
 Lightning Bolt           Conj/Air       ###.......   54%         5    #####..
 Force Lance              Conj/Tloc      #.......     89%         4    ###....
 Ice Form                 Ice/Tmut       #.......     89%         4    ###....
 Iskenderun's Mystic Bla  Conj           #.......     89%         4    ###....
 Olgreb's Toxic Radiance  Pois           #.......     89%         4    ###....
 Petrify                  Tmut/Erth      #.......     89%         4    ###....
 Summon Ice Beast         Ice/Summ       #.......     89%         4    ###....
 Throw Icicle             Conj/Ice       #.......     89%         4    ###....
 Borgnjor's Vile Clutch   Necr/Erth      ##........   89%         5    #####..
 Death Channel            Necr           ###.......   98%         6    ######.
 Alistair's Intoxication  Tmut/Pois      #.......     99%         5    #####..
 Aura of Abjuration       Summ           #.........   99%         5    #####..
 Blade Hands              Tmut           #.........   99%         5    #####..
 Irradiate                Conj/Tmut      #.........   99%         5    #####..
 Lee's Rapid Deconstruct  Erth           #.........   99%         5    #####..
 Summon Demon             Summ           #.........   99%         5    #####..
 Summon Forest            Summ/Tloc      #.........   99%         5    #####..
 Venom Bolt               Conj/Pois      #.........   99%         5    #####..
 Bolt of Fire             Conj/Fire      #.........   100%        6    ######.
 Hydra Form               Tmut           #.........   100%        6    ######.
 Iron Shot                Conj/Erth      #.........   100%        6    ######.
 Poison Arrow             Conj/Pois      #.........   100%        6    ######.
 Shadow Creatures         Summ           N/A          100%        6    ######.
 Simulacrum               Ice/Necr       ##........   100%        6    ######.
 Statue Form              Tmut/Erth      #........    100%        6    ######.
 Dragon Form              Tmut           #.........   100%        7    #######
 Haunt                    Necr/Summ      ##........   100%        7    #######
 Orb of Destruction       Conj           #.........   100%        7    #######
 Summon Hydra             Summ           #.........   100%        7    #######
 Borgnjor's Revivificati  Necr           ###.......   100%        8    #######
 Chain Lightning          Conj/Air       ###.......   100%        8    #######
 Death's Door             Chrm/Necr      ####......   100%        8    #######
 Discord                  Hex            ####......   100%        8    #######
 Infestation              Necr           ###.......   100%        8    #######
 Lehudib's Crystal Spear  Conj/Erth      #.........   100%        8    #######
 Necromutation            Tmut/Necr      ##........   100%        8    #######
 Fire Storm               Conj/Fire      #.........   100%        9    #######
 Glaciate                 Conj/Ice       #.........   100%        9    #######
 Passage of Golubria      Tloc           Unusable     N/A         4    N/A

Dungeon Overview and Level Annotations

Branches:
Dungeon (15/15)            Temple (0/1) D:7            Lair (6/6) D:9
 Shoals (4/4) Lair:2        Snake (4/4) Lair:2        Slime (5/5) Lair:5
    Orc (2/2) D:11            Elf (3/3) Orc:2        Vaults (4/5) D:13
  Crypt (0/3) Vaults:2     Depths (5/5) D:15            Zot (5/5) Depths:5
Gauntlet (visited)

Altars:
Cheibriados
Fedhas
Gozag
Hepliaklqana
Kikubaaqudgha
Okawaru
Qazlal
Ru
Trog
Uskayaw
Wu Jian
Yredelemnul
Zin
The Shining One
Beogh
Jiyva

Shops:
D:4 (   D:5 =   D:9 *   Orc:2 ***[   Elf:1 [   Elf:3 *   Shoals:1 [
Snake:4 =*(   Vaults:1 :   Vaults:3 !   Vaults:4 !!}

Portals:
Hell: Depths:1 Depths:2 Depths:3 Depths:4 Depths:5
Abyss: Depths:1 Depths:4 Depths:5
Pandemonium: Depths:3
Ziggurat: Depths:1
Trove: Vaults:4 (give +2 shadow dragon scales)

Annotations:
D:7 1 runed translucent door
D:11 4 runed translucent doors
D:12 2 transporters, Goblin1989's ghost, adept HaHu
Shoals:2 3 runed translucent doors, exclusion: obsidian statue, Amuaxidi's ghost, adept FoCK
Shoals:4 exclusion: door
Orc:1 2 runed translucent doors, exclusion: orange crystal statue
Elf:2 3 runed translucent doors, Hiliwumm's ghost, veteran MiGl; Pudwib's ghost, adept SpEn
Elf:3 3 runed translucent doors, exclusion: obsidian statue, Nicoed's ghost, adept GrFi


Innate Abilities, Weirdness & Mutations

You revert to your normal form in water.
You are very nimble and swift while swimming.
You are very stealthy in the water. (Stealth+)
Your body sometimes deteriorates upon taking damage.
Your magical capacity is low. (-10% MP)
You are weak. (Str -2)
Your spells are a little easier to cast, but a little less powerful.


Message History

Unknown command.
No target in view!
You feel yourself speed up.
Casting: Regeneration (safe; 1% risk of failure)
Confirm with . or Enter, or press ? or * to list all spells.
You miscast Silence.
You are very lightly contaminated with residual magic.
Your skin glows momentarily.
Unknown command.
You see here a +2 scythe of protection.
You see here 25 bolts.
Casting: Silence (safe; 4% risk of failure)
Confirm with . or Enter, or press ? or * to list all spells.
Your skin crawls.
There is an open gate here.
There is an open door here.
Your skin is crawling a little less now.
There is an open door here.
There is a staircase leading out of the dungeon here.
You have escaped!

###.......##...§§....#...........
#.........##.....#...#...........
..#.......###.......##...........
#####..#### ####'#########.......
.# #.##..## ##8.8## ##..##..####
.# ##.#.≈..#####'#####....#..# .#
#..#.≈≈.###.....###....#.)## .#
#..#≈≈..#≈#.....#≈#..○.#...#
.###..#≈≈≈≈#.'..@..'.#..§°#...##
......#.≈..#≈#.....#≈#..°○#....#
......#.≈≈.###.....###....#..#.#
.#..#.#.≈..#####'#####....#..#.#
.#..#.##..## #...# ##..##..#.#
.......############## ####...#.##
..#.#.###..##.......###..........
#.).#.# ##.#...○.....##.#.##.....
......# #.#...#§°...#..#.##.....


There were no monsters in sight!

Vanquished Creatures
  the Royal Jelly (Slime:5)
  2 ancient liches (Zot:5)
  6 orbs of fire
  Mara (Depths:1)
  Mennas (Depths:2)
  Sojobo (Depths:3)
  Boris (Depths:4)
  5 Killer Klowns (Zot:5)
  Frederick (Depths:3)
  Saint Roka (Vaults:3)
  13 golden dragons
  A curse toe (Zot:3)
  5 caustic shrikes
  4 liches
  5 electric golems
  14 tentacled monstrosities
  24 Orb Guardians
  7 quicksilver dragons
  2 deep elf blademasters
  A pandemonium lord (D:7)
  A titan (Depths:3)
  2 krakens
  A deep elf master archer (Elf:3)
  Gastronok (D:12)
  7 death cobs
  A sphinx (Depths:3)
  2 Executioners
  20 acid blobs
  Kirke (D:15)
  12 storm dragons
  6 shadow dragons
  5 tengu reavers
  10 azure jellies
  7 draconian monks
  7 nagarajas
  7 deep elf sorcerers
  5 fire giants
  4 ghost moths
  3 draconian knights
  12 frost giants
  Aizul (Snake:2)
  A balrug (Depths:4)
  7 draconian scorchers
  3 orc warlords
  8 vault wardens
  8 draconian shifters
  5 deep elf elementalists
  Louise (D:15)
  An angel (D:10)
  5 draconian stormcallers
  2 spriggan defenders (Depths:4)
  9 draconian annihilators
  9 very ugly things
  2 reapers
  13 ironheart preservers
  2 entropy weavers (Vaults:3)
  2 vampire knights
  10 black draconians
  5 deep elf annihilators
  15 green draconians
  5 deep elf demonologists
  19 stone giants
  A lorocyproca (Depths:3)
  A minotaur (Gauntlet)
  7 spark wasps
  10 yellow draconians
  Snorg (Lair:6)
  8 purple draconians
  19 white draconians
  6 dire elephants (Lair:6)
  14 red draconians
  5 deep elf death magi
  A crystal guardian (Vaults:3)
  3 death oozes
  An ettin (shapeshifter) (D:14)
  6 merfolk javelineers
  13 merfolk impalers
  10 ettins
  7 fire dragons
  5 jiangshi
  16 ogre magi
  13 vault guards
  4 deep elf high priests
  11 great orbs of eyes
  16 yaktaur captains
  12 ice dragons
  6 hydras
  3 rakshasas
  5 merfolk aquamancers
  5 spriggan air magi
  2 hell beasts
  17 naga warriors
  7 anacondas
  6 merfolk avatars
  A death knight (Vaults:1)
  4 satyrs
  16 centaur warriors
  Erica (D:11)
  8 tengu warriors
  2 death yaks
  11 deep troll earth magi
  50 two-headed ogres
  12 deep troll shamans
  4 vampire magi
  29 dancing weapons
  4 hell hogs (D:1)
  5 spriggan berserkers
  An orc high priest (Orc:2)
  A soul eater (Depths:3)
  2 sun demons
  7 shock serpents
  Nergalle (Lair:2)
  Sonja (D:11)
  23 deep elf knights
  14 naga sharpshooters
  3 salamander mystics
  2 fire crabs (Shoals:2)
  2 shadow wraiths
  5 iron trolls
  12 skeletal warriors
  A large abomination (Elf:3)
  A deep troll (shapeshifter) (Vaults:3)
  An infernal demonspawn (Depths:3)
  8 sea snakes
  2 glowing orange brains
  6 naga ritualists
  A swamp dragon (shapeshifter) (Depths:2)
  An unseen horror (shapeshifter) (Vaults:1)
  5 wizards
  17 deep elf archers
  2 glowing orange brains (shapeshifter)
  A swamp dragon (Zot:2)
  12 ironbrand convokers
  4 flayed ghosts
  5 unseen horrors
  A golden dragon skeleton (Depths:2)
  24 deep trolls
  2 tengu zombies
  A wolf spider zombie (Vaults:1)
  8 necromancers
  2 phantasmal warriors (Depths:5)
  11 orc knights
  17 harpies
  13 fauns
  12 mana vipers
  19 salamanders
  A fire giant zombie (Vaults:2)
  78 deep elf magi
  7 orc sorcerers
  3 wolf spiders
  37 ugly things
  9 cyclopes
  A frost giant zombie (D:15)
  3 tengu skeletons
  23 moths of wrath
  13 manticores
  A stone giant zombie (D:15)
  7 shining eyes
  An iron dragon skeleton (Depths:2)
  9 elephants
  38 naga magi
  A frost giant skeleton (Vaults:2)
  10 merfolk sirens
  A titan simulacrum (Depths:2)
  A moth of wrath (shapeshifter) (Depths:3)
  39 black mambas
  3 guardian serpents
  Joseph (D:7)
  An ice statue (Gauntlet)
  13 vault sentinels
  A rust devil (Depths:3)
  8 water nymphs
  3 gargoyles
  An eye of devastation (Slime:4)
  A yaktaur zombie (Vaults:2)
  A torpor snail (Lair:6)
  9 spiny frogs
  A kobold demonologist (D:13)
  9 freezing wraiths
  A hellion (D:13)
  56 yaktaurs
  5 rime drakes
  3 efreet (D:15)
  6 komodo dragons
  2 yaktaurs (shapeshifter)
  A tormentor (D:11)
  4 human skeletons (Vaults:2)
  A human zombie (Vaults:1)
  A guardian mummy (D:15)
  2 ice devils
  A queen bee (shapeshifter) (Depths:4)
  2 yaktaur skeletons
  4 tengu conjurers
  2 red devils
  2 hellwings
  A jumping spider (shapeshifter) (Elf:2)
  A meliai (shapeshifter) (Vaults:3)
  3 polar bears
  6 wind drakes
  2 jumping spiders (Vaults:3)
  18 trolls
  Prince Ribbit (D:6)
  6 hornets
  2 raiju (shapeshifter)
  Grinder (D:4)
  An ice dragon zombie (D:15)
  53 merfolk
  52 slime creatures
  A spriggan zombie (Depths:2)
  3 blink frogs (Lair:4)
  18 hippogriffs
  A blink frog (shapeshifter) (Depths:3)
  6 snapping turtles
  7 dream sheep
  A raiju (Gauntlet)
  A deep troll zombie (D:15)
  A stone giant simulacrum (Vaults:2)
  4 redbacks (Vaults:3)
  A centaur simulacrum (D:15)
  A tarantella (shapeshifter) (Vaults:1)
  3 air elementals (Elf:3)
  4 wyverns
  2 ettin skeletons
  Eustachio (D:4)
  A vampire (D:14)
  An elf zombie (Depths:2)
  Sigmund (D:6)
  6 spriggans
  3 wraiths (Vaults:1)
  3 shadows
  57 yaks
  32 water elementals
  3 fire elementals
  A hog (shapeshifter) (Elf:1)
  A fire bat (Shoals:2)
  11 golden eyes (Slime:5)
  3 hungry ghosts
  9 humans
  4 basilisks
  3 hogs (D:15)
  4 vampire mosquitoes (D:15)
  A human simulacrum (Vaults:3)
  51 nagas
  A steam dragon (Gauntlet)
  9 wargs
  An ogre zombie (Vaults:1)
  29 water moccasins
  2 acid dragons (D:11)
  60 orc warriors
  3 porcupines
  A black bear (shapeshifter) (Vaults:1)
  11 ice beasts
  4 sky beasts
  3 necrophages
  A phantom (D:4)
  7 eyes of draining
  16 wolves
  37 ogres
  2 elf skeletons (Vaults:2)
  47 centaurs
  18 boggarts
  2 orc skeletons
  A crocodile (shapeshifter) (D:14)
  8 crocodiles
  9 big kobolds
  19 bullfrogs
  A wyvern zombie (D:7)
  A glowing shapeshifter simulacrum (Vaults:3)
  4 earth elementals
  A water moccasin zombie (D:7)
  5 scorpions
  A water moccasin skeleton (D:4)
  11 killer bees
  24 wights
  A howler monkey (D:8)
  5 electric eels
  15 crimson imps
  2 bullfrog zombies (D:5)
  4 centaur zombies
  7 hounds
  A quasit (D:2)
  20 orc priests
  4 jellies
  3 bullfrog skeletons
  2 gnoll shamans
  6 centaur skeletons
  2 iguanas
  18 orc wizards
  9 worker ants
  A hound zombie (D:5)
  35 adders
  19 gnolls
  A howler monkey skeleton (D:7)
  A river rat (D:5)
  2 shadow imps
  4 white imps (D:13)
  2 adder zombies
  An adder skeleton (D:7)
  7 worms
  2 dart slugs
  7 leopard geckos
  121 orcs
  3 ball pythons
  5 giant cockroaches
  6 goblins
  8 hobgoblins
  4 jackals (D:7)
  22 kobolds
  3 quokkas
  A ball python skeleton (D:4)
  8 bats
  5 frilled lizards
  A giant cockroach zombie (D:5)
  A jackal zombie (D:5)
  A leopard gecko skeleton (D:7)
  A quokka skeleton (D:10)
  5 rats
  A crawling corpse (Elf:3)
  2 plants
  5 tentacles
2530 creatures vanquished.

Vanquished Creatures (others)
  A yaktaur captain (Depths:3)
  A fire dragon (Depths:4)
  A human (D:15)
  2 ogres
  A big kobold (shapeshifter) (Depths:3)
  4 bushes (Lair:6)
  8 fungi
  46 plants
  25 spectral weapons
  14 tentacles
  5 toadstools (D:2)
  10 withered plants
118 creatures vanquished.

Grand Total: 2648 creatures vanquished

Notes
Turn   | Place    | Note
-------+----------+-------------------------------------------
     0 | D:1      | RandomHijinx the Merfolk Arcane Marksman began the quest
                  | for the Orb.
     0 | D:1      | Reached XP level 1. HP: 15/15 MP: 2/2
   661 | D:1      | Reached XP level 2. HP: 19/21 MP: 3/3
   683 | D:1      | Reached skill level 3 in Dodging
  1083 | D:2      | Reached XP level 3. HP: 16/27 MP: 4/4
  1712 | D:2      | Reached XP level 4. HP: 26/33 MP: 5/5
  2349 | D:2      | Reached XP level 5. HP: 39/39 MP: 6/6
  2379 | D:2      | Reached skill level 4 in Dodging
  2520 | D:2      | HP: 1/39 [poisoned by an adder]
  4327 | D:4      | Noticed a phantom
  4353 | D:4      | Killed a phantom
  4353 | D:4      | Reached XP level 6. HP: 47/47 MP: 7/7
  4454 | D:4      | Found Howy's Antique Weapon Emporium.
  4473 | D:4      | Bought a bloodstained whip for 135 gold pieces
  4473 | D:4      | Identified the +10 whip of the Tooth {slash, Int+3} (You
                  | bought it in a shop on level 4 of the Dungeon)
  4563 | D:4      | Reached skill level 5 in Throwing
  4563 | D:4      | Reached skill level 5 in Dodging
  4743 | D:4      | Found a hazy altar of Hepliaklqana.
  4769 | D:4      | Noticed Grinder
  4781 | D:4      | Killed Grinder
  4781 | D:4      | Reached XP level 7. HP: 53/54 MP: 8/8
  4857 | D:4      | Noticed Eustachio
  4879 | D:4      | Killed Eustachio
  4879 | D:4      | Reached skill level 6 in Dodging
  4991 | D:4      | Reached XP level 8. HP: 61/61 MP: 9/9
  5247 | D:4      | Found a bloodstained altar of Trog.
  5248 | D:4      | Found an iron altar of Okawaru.
  5267 | D:4      | Became a worshipper of Warmaster Okawaru
  5299 | D:5      | Entered Level 5 of the Dungeon
  5311 | D:5      | Reached skill level 5 in Fighting
  5316 | D:5      | Reached skill level 1 in Invocations
  5395 | D:5      | Found Haezes's Jewellery Shop.
  5612 | D:5      | Found an ornate altar of the Wu Jian Council.
  5881 | D:5      | Reached * piety under Okawaru
  5884 | D:5      | Reached skill level 7 in Dodging
  5964 | D:5      | Reached skill level 5 in Polearms
  5974 | D:5      | Reached XP level 9. HP: 45/68 MP: 11/11
  6246 | D:5      | Found a basalt altar of Yredelemnul.
  6255 | D:5      | Found a glowing golden altar of the Shining One.
  6516 | D:5      | Noticed an angel
  6652 | D:6      | Noticed Sigmund
  6668 | D:6      | Killed Sigmund
  7327 | D:6      | Reached ** piety under Okawaru
  7331 | D:6      | Reached skill level 8 in Dodging
  7597 | D:6      | Found a snail-covered altar of Cheibriados.
  7720 | D:6      | Noticed Prince Ribbit
  7731 | D:6      | Killed Prince Ribbit
  7911 | D:7      | Found a runed translucent door.
  7911 | D:7      | Found a glowing silver altar of Zin.
  7911 | D:7      | Noticed an angel
  8234 | D:7      | Reached XP level 10. HP: 62/74 MP: 13/13
  8461 | D:7      | Found a staircase to the Ecumenical Temple.
  8831 | D:7      | Reached skill level 5 in Invocations
  8851 | D:7      | Noticed Joseph
  8861 | D:7      | Killed Joseph
  8861 | D:7      | Reached *** piety under Okawaru
  8861 | D:7      | Reached skill level 9 in Dodging
  9644 | D:8      | Reached skill level 10 in Throwing
 10375 | D:8      | Found a sacrificial altar of Ru.
 10770 | D:9      | Found a stormy altar of Qazlal.
 10776 | D:9      | Found a staircase to the Lair.
 10798 | D:9      | Reached **** piety under Okawaru
 10840 | D:9      | Found Gozag's Platinum Reserve.
 10841 | D:9      | Found an opulent altar of Gozag.
 11312 | D:9      | Found a hide-covered altar of Uskayaw.
 11489 | D:10     | Entered Level 10 of the Dungeon
 11520 | D:10     | Reached skill level 10 in Dodging
 11581 | D:10     | Reached XP level 11. HP: 64/79 MP: 15/15
 11821 | D:10     | Noticed a two-headed hydra
 11843 | D:10     | Killed a two-headed hydra
 12296 | D:10     | Reached skill level 10 in Polearms
 12345 | D:10     | Reached ***** piety under Okawaru
 12436 | D:10     | Noticed a two-headed ogre
 12446 | D:10     | Killed a two-headed ogre
 12446 | D:10     | Received a gift from Okawaru
 12446 | D:10     | Reached skill level 1 in Shields
 12568 | D:10     | Reached skill level 1 in Armour
 12807 | D:10     | Got a smoking lapis lazuli ring
 12809 | D:10     | Identified the ring of Gexuk {Str+4 Dex+5 Slay+4 SInv} (You
                  | found it on level 10 of the Dungeon)
 13497 | Lair:1   | Entered Level 1 of the Lair of Beasts
 13751 | Lair:1   | Received a gift from Okawaru
 13886 | Lair:1   | Received a gift from Okawaru
 14649 | Lair:2   | Reached XP level 12. HP: 85/86 MP: 17/17
 14767 | Lair:2   | Found a staircase to the Snake Pit.
 14865 | Lair:2   | Noticed Nergalle
 14875 | Lair:2   | Killed Nergalle
 15627 | Lair:2   | Received a gift from Okawaru
 16007 | Lair:2   | Found a staircase to the Shoals.
 16713 | Lair:2   | Identified a scroll of acquirement
 17933 | Lair:3   | Reached skill level 5 in Shields
 18290 | Lair:3   | Reached skill level 1 in Evocations
 18983 | Lair:4   | Reached XP level 13. HP: 87/92 MP: 19/19
 19260 | Lair:4   | Received a gift from Okawaru
 20162 | Lair:5   | Received a gift from Okawaru
 20198 | Lair:5   | Found a staircase to the Slime Pits.
 20572 | Lair:5   | Reached ****** piety under Okawaru
 20957 | Lair:6   | Entered Level 6 of the Lair of Beasts
 21123 | Lair:6   | Reached skill level 11 in Dodging
 21388 | Lair:6   | Received a gift from Okawaru
 21633 | Lair:6   | Noticed Snorg
 21640 | Lair:6   | Killed Snorg
 21779 | Lair:5   | Reached skill level 5 in Armour
 23146 | Lair:6   | Received a gift from Okawaru
 23380 | Lair:6   | Noticed a dire elephant
 23380 | Lair:6   | Noticed a dire elephant
 23391 | Lair:6   | Killed a dire elephant
 23391 | Lair:6   | Killed a dire elephant
 23391 | Lair:6   | Reached XP level 14. HP: 103/103 MP: 14/20
 23406 | Lair:6   | Identified the Collected Works on Weightlessness
 23478 | Lair:6   | Noticed a dire elephant
 23505 | Lair:6   | Killed a dire elephant
 23505 | Lair:6   | Received a gift from Okawaru
 23668 | Lair:6   | Noticed a dire elephant
 23706 | Lair:6   | Killed a dire elephant
 23882 | Lair:6   | Noticed a dire elephant
 23911 | Lair:6   | Killed a dire elephant
 23911 | Lair:6   | Reached skill level 5 in Evocations
 23948 | Lair:6   | Noticed a dire elephant
 23965 | Lair:6   | Killed a dire elephant
 24648 | D:11     | Noticed Erica
 24655 | D:11     | Killed Erica
 24655 | D:11     | Reached skill level 12 in Dodging
 24675 | D:11     | Found a large runed translucent door.
 24709 | D:11     | Received a gift from Okawaru
 24885 | D:11     | Noticed Sonja
 24893 | D:11     | Killed Sonja
 25224 | D:11     | Reached skill level 15 in Throwing
 25239 | D:11     | Received a gift from Okawaru
 25490 | D:11     | Found a large runed translucent door.
 25649 | D:11     | Found a staircase to the Orcish Mines.
 25859 | D:11     | Found a large runed translucent door.
 25861 | D:11     | Found a large runed translucent door.
 26045 | Orc:1    | Entered Level 1 of the Orcish Mines
 26086 | Orc:1    | Received a gift from Okawaru
 26096 | Orc:1    | Found a runed translucent door.
 26097 | Orc:1    | Found the +10 large shield of Ignorance {rN+ Int-4}
 26119 | Orc:1    | Found a runed translucent door.
 26253 | Orc:1    | Found a roughly hewn altar of Beogh.
 26314 | Orc:1    | Noticed an orc warlord
 26317 | Orc:1    | Paralysed by an orc sorcerer for 7 turns
 26326 | Orc:1    | Paralysed by an orc sorcerer for 4 turns
 26479 | Orc:1    | Paralysed by an orc sorcerer for 2 turns
 26491 | Orc:1    | Killed an orc warlord
 26780 | Orc:1    | Received a gift from Okawaru
 26823 | Orc:2    | Entered Level 2 of the Orcish Mines
 26919 | Orc:2    | Noticed an orc warlord
 27205 | Orc:1    | Killed an orc warlord
 27205 | Orc:1    | Reached skill level 13 in Dodging
 27650 | Orc:2    | Received a gift from Okawaru
 27807 | Orc:2    | Noticed an orc warlord
 27813 | Orc:2    | Killed an orc warlord
 27835 | Orc:2    | Reached XP level 15. HP: 114/114 MP: 18/21
 28166 | Orc:2    | Found a staircase to the Elven Halls.
 28453 | Orc:2    | Received a gift from Okawaru
 28522 | Orc:2    | Found a roughly hewn altar of Beogh.
 28722 | Orc:2    | Found Qaohenka's Assorted Antiques.
 28722 | Orc:2    | Found Tiju's General Store.
 28722 | Orc:2    | Found Dorphirph's Armour Shoppe.
 28725 | Orc:2    | Found Plog's General Store.
 28742 | Orc:2    | Bought a +2 shield for 264 gold pieces
 29047 | D:12     | Reached skill level 10 in Fighting
 29180 | D:12     | Found a transporter.
 29194 | D:12     | Identified the +4 broad axe of Gozag's Fury {vamp, +Fly
                  | Int+4 Dex+3 SInv}
 29195 | D:12     | Found a bloodstained altar of Trog.
 29195 | D:12     | Noticed Goblin1989's ghost (adept HaHu)
 29333 | D:12     | Noticed Gastronok
 29343 | D:12     | Killed Gastronok
 29343 | D:12     | Received a gift from Okawaru
 29403 | D:12     | Found a transporter.
 30002 | D:13     | Reached skill level 14 in Dodging
 30388 | D:13     | Received a gift from Okawaru
 30773 | D:13     | Received a gift from Okawaru
 31404 | D:13     | Found a gate to the Vaults.
 31658 | D:14     | Found a sacrificial altar of Ru.
 31662 | D:14     | Found a gate leading to a gauntlet.
 31683 | Gauntlet | Entered a Gauntlet
 31683 | Gauntlet | Found a transporter.
 31683 | Gauntlet | Found a transporter.
 31683 | Gauntlet | Found a transporter.
 31684 | Gauntlet | Found a transporter.
 31687 | Gauntlet | Found a transporter.
 31698 | Gauntlet | Found a transporter.
 31719 | Gauntlet | Found a transporter.
 31741 | Gauntlet | Found a transporter.
 31758 | Gauntlet | Found a transporter.
 31766 | Gauntlet | Found a transporter.
 31786 | Gauntlet | Found a transporter.
 31836 | Gauntlet | Found a transporter.
 32213 | Gauntlet | Identified the +10 great mace "Voberue" {venom, rElec Int+3
                  | SInv}
 32213 | Gauntlet | Identified the ring of Xom's Passing Interest {*Contam +Inv
                  | MP+9 Str+4}
 32612 | D:14     | You fall into a shaft and drop 1 floor!
 32612 | D:15     | Entered Level 15 of the Dungeon
 33287 | D:15     | Noticed Louise
 33294 | D:15     | Killed Louise
 33294 | D:15     | Reached XP level 16. HP: 56/125 MP: 15/22
 33539 | D:15     | Found a staircase to the Depths.
 33565 | D:15     | Reached skill level 15 in Dodging
 34463 | Orc:2    | Bought a +1 leather armour of magic resistance for 224 gold
                  | pieces
 34804 | D:15     | Received a gift from Okawaru
 34873 | D:15     | Noticed Kirke
 35085 | D:15     | Found a blossoming altar of Fedhas.
 35345 | D:15     | Found a blossoming altar of Fedhas.
 35372 | D:15     | Killed Kirke
 35372 | D:15     | Received a gift from Okawaru
 35397 | D:15     | Found a staircase to the Depths.
 36149 | Shoals:1 | Entered Level 1 of the Shoals
 36367 | Shoals:1 | Received a gift from Okawaru
 36583 | Shoals:1 | Reached skill level 10 in Shields
 36811 | Shoals:1 | Received a gift from Okawaru
 36854 | Shoals:1 | Found Zuox's Armour Boutique.
 37769 | Shoals:2 | Found a runed translucent gate.
 37769 | Shoals:2 | Found a runed translucent gate.
 37769 | Shoals:2 | Found a runed translucent gate.
 37771 | Shoals:2 | Found an opulent altar of Gozag.
 37774 | Shoals:2 | Noticed Amuaxidi's ghost (adept FoCK)
 37852 | Shoals:2 | Reached XP level 17. HP: 108/133 MP: 20/23
 38988 | Shoals:3 | Received a gift from Okawaru
 38993 | Shoals:3 | Got a smoking cloak {god gift}
 38996 | Shoals:2 | Identified the -1 cloak "Poenk" {rElec Str+4 Dex+4}
                  | (Okawaru gifted it to you on level 3 of the Shoals)
 39758 | Shoals:3 | Noticed a kraken
 39783 | Shoals:3 | Killed a kraken
 40479 | Shoals:4 | Entered Level 4 of the Shoals
 41670 | Shoals:4 | Found the +0 pair of fencer's gloves {Riposte Dex+3}
 41675 | Shoals:4 | Received a gift from Okawaru
 41676 | Shoals:4 | Got a polished spear {god gift}
 42225 | Shoals:4 | Reached skill level 10 in Evocations
 42305 | Shoals:4 | Received a gift from Okawaru
 42322 | Shoals:4 | Noticed a kraken
 42335 | Shoals:4 | Killed a kraken
 42339 | Shoals:4 | Found the +3 salamander hide armour {+Rage rF++}
 42348 | Shoals:4 | Received a gift from Okawaru
 42351 | Shoals:4 | Reached XP level 18. HP: 104/140 MP: 25/25
 42362 | Shoals:4 | Reached skill level 16 in Dodging
 42568 | Shoals:4 | Got a barnacled rune of Zot
 43138 | Snake:1  | Entered Level 1 of the Snake Pit
 43431 | Snake:1  | Reached skill level 15 in Shields
 43792 | Snake:1  | Received a gift from Okawaru
 44570 | Snake:2  | Noticed Aizul
 44585 | Snake:2  | Killed Aizul
 45410 | Snake:3  | Received a gift from Okawaru
 45888 | Snake:3  | Reached skill level 5 in Hexes
 45898 | Snake:3  | Received a gift from Okawaru
 46571 | Snake:3  | Received a gift from Okawaru
 46877 | Snake:3  | Learned a level 3 spell: Confuse
 47037 | Snake:4  | Entered Level 4 of the Snake Pit
 47304 | Snake:4  | Found Varronod's Assorted Antiques.
 47304 | Snake:4  | Found Diotiufo's Jewellery Shoppe.
 47313 | Snake:4  | Bought an uncursed amulet of regeneration for 480 gold
                  | pieces
 47313 | Snake:4  | Bought the ring of the Queen {rPois Slay+6 Stlth-} for 702
                  | gold pieces
 47379 | Snake:4  | Reached XP level 19. HP: 145/148 MP: 19/26
 47392 | Snake:4  | Reached skill level 5 in Spellcasting
 47413 | Snake:4  | Received a gift from Okawaru
 47498 | Snake:4  | Reached skill level 17 in Dodging
 47589 | Snake:4  | Received a gift from Okawaru
 47631 | Snake:4  | Got a serpentine rune of Zot
 48100 | Snake:4  | Learned a level 4 spell: Cause Fear
 48106 | Snake:4  | Learned a level 5 spell: Silence
 48254 | Snake:4  | Bought a scroll of brand weapon for 640 gold pieces
 48308 | Snake:4  | Reached skill level 1 in Air Magic
 48326 | Snake:4  | Found Turuocaari's Weapon Shoppe.
 48883 | Elf:1    | Entered Level 1 of the Elven Halls
 49368 | Elf:1    | Reached skill level 10 in Hexes
 49619 | Elf:1    | Found Woraompa's Armour Emporium.
 49922 | Elf:2    | Reached XP level 20. HP: 157/157 MP: 27/27
 49934 | Elf:2    | Found a flickering gateway to a bazaar.
 49939 | Bazaar   | Entered a bazaar
 49944 | Bazaar   | Found Meosac's Gadget Shop.
 49952 | Bazaar   | Bought a wand of digging (4) for 112 gold pieces
 49979 | Bazaar   | Found Xeipsiati's Book Shop.
 49987 | Bazaar   | Bought a book of Battle for 640 gold pieces
 50016 | Elf:2    | Learned a level 3 spell: Spectral Weapon
 50026 | Elf:2    | Reached skill level 5 in Air Magic
 50064 | Elf:2    | Received a gift from Okawaru
 50113 | Elf:2    | Found a runed translucent gate.
 50152 | Elf:2    | Found a runed translucent gate.
 50153 | Elf:2    | Found a runed translucent gate.
 50222 | Elf:2    | Found a runed translucent gate.
 50222 | Elf:2    | Found a runed translucent gate.
 50222 | Elf:2    | Found a runed translucent gate.
 50230 | Elf:2    | Noticed Pudwib's ghost (adept SpEn)
 50230 | Elf:2    | Noticed Hiliwumm's ghost (veteran MiGl)
 51260 | Elf:3    | Entered Level 3 of the Elven Halls
 51579 | Elf:3    | Found a runed translucent gate.
 51579 | Elf:3    | Found a runed translucent gate.
 51579 | Elf:3    | Found a runed translucent gate.
 51580 | Elf:3    | Found an opulent altar of Gozag.
 51580 | Elf:3    | Noticed Nicoed's ghost (adept GrFi)
 51582 | Elf:3    | Found Diuddeubb's Assorted Antiques.
 51834 | Elf:3    | Received a gift from Okawaru
 52163 | Elf:3    | Reached skill level 10 in Air Magic
 52189 | Elf:3    | Reached skill level 1 in Charms
 52447 | Elf:3    | Received a gift from Okawaru
 52447 | Elf:3    | Reached skill level 5 in Charms
 52544 | Elf:3    | Identified the +5 great sword "Boemawk" {slice, *Drain
                  | rPois Str+4 Int+3}
 52606 | Elf:3    | Reached XP level 21. HP: 156/163 MP: 22/28
 52658 | Elf:3    | Identified the cursed +1 robe "Myczireh" {*Slow MR++}
 52903 | Elf:2    | Learned a level 3 spell: Regeneration
 53236 | Elf:3    | Identified Sif Muna's Compendium of Nocuous Ignition
 53248 | Elf:3    | Identified Lee's Reference Book on Earthen Confrontation
 53643 | Vaults:1 | Entered Level 1 of the Vaults
 53780 | Vaults:1 | Received a gift from Okawaru
 53896 | Vaults:1 | Found Plog's Book Shop.
 54428 | Vaults:1 | Received a gift from Okawaru
 54483 | Vaults:1 | Received a gift from Okawaru
 54496 | Vaults:1 | Reached skill level 10 in Charms
 54646 | Vaults:1 | Reached skill level 1 in Necromancy
 54716 | Vaults:1 | Received a gift from Okawaru
 55484 | Vaults:2 | Reached XP level 22. HP: 106/171 MP: 31/31
 55617 | Vaults:2 | Learned a level 2 spell: Song of Slaying
 55964 | Vaults:2 | Reached skill level 18 in Dodging
 55988 | Vaults:2 | Received a gift from Okawaru
 56141 | Vaults:1 | Got a pair of bloodstained gloves {god gift}
 56146 | Vaults:1 | Identified the +2 pair of gloves "Raykh" {rN+} (Okawaru
                  | gifted it to you on level 1 of the Vaults)
 56601 | Vaults:2 | Reached skill level 5 in Necromancy
 56982 | Vaults:2 | Found a staircase to the Crypt.
 57441 | Vaults:3 | Received a gift from Okawaru
 58119 | Vaults:3 | Found Gielugux's Distillery.
 58135 | Vaults:3 | Bought a potion of haste for 150 gold pieces
 58135 | Vaults:3 | Bought a potion of might for 60 gold pieces
 58135 | Vaults:3 | Bought a potion of might for 60 gold pieces
 58135 | Vaults:3 | Bought 2 potions of heal wounds for 150 gold pieces
 58135 | Vaults:3 | Bought a potion of heal wounds for 75 gold pieces
 58135 | Vaults:3 | Bought a potion of agility for 60 gold pieces
 58135 | Vaults:3 | Bought 2 potions of might for 120 gold pieces
 58135 | Vaults:3 | Bought 2 potions of agility for 120 gold pieces
 58309 | Vaults:3 | You fall into a shaft and drop 1 floor!
 58334 | Vaults:4 | Reached skill level 15 in Fighting
 58583 | Vaults:4 | Found Ogaw's Gadget Emporium.
 58610 | Vaults:4 | Learned a level 6 spell: Deflect Missiles
 58694 | Vaults:4 | Found a portal to a secret trove of treasure.
 58729 | Vaults:4 | Reached skill level 19 in Dodging
 59006 | Vaults:4 | Reached XP level 23. HP: 176/181 MP: 30/35
 59674 | Vaults:3 | Noticed Saint Roka
 59677 | Vaults:3 | Received a gift from Okawaru
 59691 | Vaults:3 | Killed Saint Roka
 60091 | Vaults:4 | Found Orale's Distillery.
 60102 | Vaults:4 | Received a gift from Okawaru
 60102 | Vaults:4 | Reached skill level 20 in Dodging
 60325 | Vaults:4 | Received a gift from Okawaru
 60337 | Vaults:4 | Identified the +7 demon trident of Grandeur {freeze, +Inv
                  | rN+ Str+3} (Okawaru gifted it to you on level 4 of the
                  | Vaults)
 60424 | Vaults:4 | Found Geaxt's Distillery.
 60428 | Vaults:4 | Bought a potion of haste for 210 gold pieces
 60428 | Vaults:4 | Bought a potion of haste for 210 gold pieces
 60847 | Slime:1  | Entered Level 1 of the Pits of Slime
 62579 | Slime:5  | Entered Level 5 of the Pits of Slime
 62797 | Slime:4  | Reached skill level 15 in Charms
 62807 | Slime:4  | Received a gift from Okawaru
 63168 | Slime:5  | Found a viscous altar of Jiyva.
 63169 | Slime:5  | Found the +2 ratskin cloak {+Rats rPois rN+ Str-1 Int-1
                  | Dex+1}
 63169 | Slime:5  | Noticed the Royal Jelly
 63190 | Slime:5  | Killed the Royal Jelly
 63609 | Slime:5  | Got a slimy rune of Zot
 63753 | Slime:5  | Gained mutation: Your body sometimes deteriorates upon
                  | taking damage. [a shining eye]
 63802 | Slime:5  | Reached XP level 24. HP: 160/188 MP: 35/35
 64736 | Depths:1 | Entered Level 1 of the Depths
 64779 | Depths:1 | Reached skill level 21 in Dodging
 64866 | Depths:1 | Found a gateway to a ziggurat.
 65198 | Depths:1 | Found a one-way gate to the infinite horrors of the Abyss.
 65242 | Depths:1 | Noticed Mara
 65246 | Depths:1 | Noticed RandomHijinx's illusion
 65259 | Depths:1 | Killed Mara
 65565 | Depths:1 | Received a gift from Okawaru
 65713 | Depths:1 | Found a gateway to Hell.
 66354 | Depths:2 | Reached skill level 22 in Dodging
 66417 | Depths:2 | Noticed a caustic shrike
 66425 | Depths:2 | Killed a caustic shrike
 66524 | Depths:2 | Found an ancient bone altar of Kikubaaqudgha.
 67319 | Depths:3 | Received a gift from Okawaru
 67469 | Depths:3 | Noticed Frederick
 67479 | Depths:3 | Noticed Mennas
 67483 | Depths:3 | Killed Frederick
 67486 | Depths:3 | Reached XP level 25. HP: 194/194 MP: 34/35
 67523 | Depths:2 | Killed Mennas
 67523 | Depths:2 | Reached skill level 23 in Dodging
 68043 | Depths:3 | Received a gift from Okawaru
 68434 | Snake:4  | Bought an uncursed ring of protection from fire for 400
                  | gold pieces
 68830 | Depths:3 | Received a gift from Okawaru
 69090 | Depths:3 | Noticed Sojobo
 69103 | Depths:3 | Reached skill level 15 in Evocations
 69162 | Depths:3 | Killed Sojobo
 69394 | Depths:3 | Reached skill level 24 in Dodging
 69470 | Depths:3 | Found a one-way gate leading to the halls of Pandemonium.
 69936 | Depths:4 | Noticed Boris
 69956 | Depths:4 | Killed Boris
 70046 | Depths:4 | Reached skill level 25 in Dodging
 70047 | Depths:4 | Received a gift from Okawaru
 70118 | Depths:4 | Identified the ring of Tullash {*Slow +Fly rPois rC++
                  | Slay+5}
 70596 | Depths:4 | Received a gift from Okawaru
 70617 | Depths:4 | Reached XP level 26. HP: 62/204 MP: 30/36
 70988 | Depths:4 | Received a gift from Okawaru
 71214 | Depths:4 | Reached skill level 10 in Spellcasting
 71631 | Depths:5 | Entered Level 5 of the Depths
 71686 | Depths:5 | Received a gift from Okawaru
 72740 | Depths:5 | Found a gate to the Realm of Zot.
 73049 | Depths:5 | Received a gift from Okawaru
 73458 | Zot:1    | Entered Level 1 of the Realm of Zot
 73808 | Zot:1    | Received a gift from Okawaru
 74071 | Zot:1    | Received a gift from Okawaru
 74202 | Zot:1    | Noticed an orb of fire
 74217 | Zot:1    | Killed an orb of fire
 74795 | Zot:1    | Reached XP level 27. HP: 212/220 MP: 35/37
 76648 | Zot:2    | Noticed an orb of fire
 76648 | Zot:2    | Gained mutation: Your spells are a little easier to cast,
                  | but a little less powerful. [an orb of fire]
 76658 | Zot:2    | Killed an orb of fire
 76658 | Zot:2    | Received a gift from Okawaru
 77107 | Vaults:3 | Bought a potion of mutation for 120 gold pieces
 77207 | Vaults:4 | Bought a potion of mutation for 160 gold pieces
 77236 | Vaults:4 | Bought a potion of mutation for 168 gold pieces
 78213 | Zot:2    | Received a gift from Okawaru
 79185 | Zot:3    | Reached skill level 26 in Dodging
 79556 | Zot:3    | Got a scintillating wooden ring
 79726 | Zot:3    | Noticed an orb of fire
 79745 | Zot:3    | Killed an orb of fire
 79745 | Zot:3    | Received a gift from Okawaru
 80567 | Zot:4    | Identified the cursed +1 war axe of Imuibari {distort,
                  | +Rage rN+}
 80578 | Zot:4    | Received a gift from Okawaru
 80641 | Zot:4    | Reached skill level 10 in Armour
 80900 | Zot:4    | Identified the ring "Rogoxt" {MR- rCorr Str+3 Slay+2} (You
                  | found it on level 3 of the Realm of Zot)
 81197 | Zot:5    | Entered Level 5 of the Realm of Zot
 81357 | Zot:5    | Reached skill level 27 in Dodging
 81514 | Zot:5    | Received a gift from Okawaru
 81735 | Zot:5    | Received a gift from Okawaru
 82344 | Zot:5    | Noticed an ancient lich
 82364 | Zot:5    | Killed an ancient lich
 82364 | Zot:5    | Received a gift from Okawaru
 83032 | Zot:5    | Received a gift from Okawaru
 83138 | Zot:5    | Received a gift from Okawaru
 83148 | Zot:5    | Noticed an ancient lich
 83173 | Zot:5    | Killed an ancient lich
 83240 | Zot:5    | Noticed an orb of fire
 83247 | Zot:5    | Gained mutation: You are weak. (Str -2) [an orb of fire]
 83250 | Zot:5    | Killed an orb of fire
 83285 | Zot:5    | Noticed an orb of fire
 83285 | Zot:5    | Gained mutation: Your magical capacity is low. (-10% MP)
                  | [an orb of fire]
 83304 | Zot:5    | Killed an orb of fire
 83304 | Zot:5    | Received a gift from Okawaru
 83404 | Zot:5    | Noticed an orb of fire
 83418 | Zot:5    | Killed an orb of fire
 83418 | Zot:5    | Received a gift from Okawaru
 83431 | Zot:5    | Received a gift from Okawaru
 83491 | Zot:5    | Got the Orb of Zot
 83987 | D:11     | Noticed a seraph
 84088 | D:7      | Noticed Upaesiogh the pandemonium lord
 84096 | D:7      | Killed Upaesiogh the pandemonium lord
 84280 | D:$      | Escaped with the Orb!

Levels and vault maps discovered:
D:1:      shiori_arrival_elements, layout_rooms, minmay_misc_feat_tower
D:2:      layout_loops_cross, minmay_gold_behind_fungi,
          hangedman_decor_clover_reticule
D:3:      layout_basic, first_ration, grunt_ministairs_13
D:4:      layout_basic, lemuel_doored_altar, grunt_temple_overflow_bloody_war,
          serial_shops, shop, minmay_joined_circles, uniq_eustachio,
          uniq_grinder
D:5:      layout_loops_ring, grunt_temple_overflow_holy_war,
          nicolae_overflow_crystal_walls, lightli_sewer_entry_pipes,
          serial_shops, shop_statue
D:6:      layout_basic, kennysheep_slug_shrine, minmay_circle_x, uniq_sigmund,
          uniq_prince_ribbit1
D:7:      layout_loops_corners, temple_fountains, serial_rivers,
          chequers_serial_rivers_room_a, chequers_serial_rivers_micro_b,
          chequers_serial_rivers_room_a, chequers_serial_rivers_large_a,
          chequers_serial_rivers_small_3, lemuel_angel_altar, uniq_joseph
D:8:      layout_loops_ring, lemuel_coloured_pillars_altar
D:9:      layout_big_octagon, lemuel_crystal_altar,
          nicolae_gozag_zags_fifth_avenue, lemuel_round_altar, lair_entry_dummy
D:10:     minmay_blocky_corners, layout_basic, hangedman_ranch
          [blue_anna_fruit_fields]
D:11:     layout_cave_pools, erik_orc_4, portal_ice_cave_rime,
          minmay_hollow_rounded_squares, uniq_sonja, uniq_erica
D:12:     layout_cave_pods, gammafunk_ghost_wrathful_warriors, uniq_gastronok
D:13:     layout_loops_ring, ximxim_vaults_locker_room, minmay_fire_ice_demons
D:14:     layout_stronghold, gauntlet_entry_generic, basic_altar,
          minmay_fountain_box, kennysheep_generic_room_9
D:15:     gammafunk_depths_entry_grave, layout_loops_ring, fedhas_altar_1,
          uniq_louise, uniq_kirke
Lair:1:   layout_misc_corridors, chequers_serial_rivers_marsh,
          hangedman_lair_generics_rect
Lair:2:   layout_roguey, minmay_shoals_entry_hut, serial_bayou_shore_a,
          uniq_nergalle
Lair:3:   lemuel_reptile_caves, layout_regular_city
Lair:4:   layout_big_grid, grunt_megastairs_1
Lair:5:   layout_regular_city, slime_dummy, hibernation_bobbens
Lair:6:   due_jungle_book, layout_regular_city, uniq_snorg
Shoals:1: layout_shoals, serial_shops, shop, nicolae_shoals_wave_tunnel
Shoals:2: cheibrodos_shoals_baths, layout_shoals, ebering_ghost_gozag,
          hangedman_shoal_volcano
Shoals:3: layout_shoals, nicolae_shoals_dead_sea_scrolls
Shoals:4: shoals_end_simple, layout_shoals
Snake:1:  layout_honeycomb
Snake:2:  layout_layer_cave, uniq_aizul
Snake:3:  layout_layer_cave
Snake:4:  snake_pit, layout_gridlike, serial_shops, shop, minmay_shoptagon
Slime:1:  layout_caves, nicolae_slime_barrier
Slime:2:  layout_caves
Slime:3:  layout_caves
Slime:4:  layout_caves
Slime:5
Orc:1:    layout_diamond_mine, ebering_ghost_gozag, basic_altar,
          chequers_guarded_unrand_ignorance
Orc:2:    st_orc_rangers, layout_caves, minmay_orc_temple_c
Elf:1:    layout_loops_corners, serial_shops, nicolae_shop_behind_doors,
          hangedman_elf_represent, serial_sigils_hangedman_shear
Elf:2:    layout_gridlike, serial_shops, bzr_entry_road,
          gammafunk_ghost_cemetery, patterned_corridor
Elf:3:    minmay_elf_hall_dome, layout_geoelf_octagon, ebering_ghost_gozag,
          grunt_ministairs_7, wad_floor_pattern_2, hangedman_corner_corridor
Vaults:1: ontoclasm_vaults_loading_screen, grunt_vaults_twisty,
          nicolae_vaults_specimen_jars, st_spiral_rooms, v_misc_31,
          grunt_vaults_funnel, vaults_room_stairs_pillars,
          ontoclasm_vaults_ring_square, v_misc_24,
          nicolae_vaults_network_periphery, nicolae_vaults_little_squares_5,
          layout_vaults_maze, serial_shops, shop
Vaults:2: v_misc_13, nicolae_vaults_asterisk, v_misc_30, v_misc_9, v_pattern_1,
          v_misc_15, minmay_crypt_entry_skeletal_spiral, ontoclasm_vaults_eye,
          v_misc_2, layout_vaults_quadrants
Vaults:3: v_misc_14, nicolae_vaults_yaktaur_gun_rack,
          nicolae_vaults_network_square, v_misc_9, vaults_room_corners,
          v_misc_30, nicolae_vaults_what_the_h, st_cross, vaults_dpeg_hooks,
          vaults_room_grid, vaults_room_grid, layout_vaults_omnibox,
          serial_shops, shop, uniq_saint_roka
Vaults:4: ontoclasm_vaults_pinch, vaults_room_ringed_pool,
          vaults_dpeg_encased_lava, v_pattern_4, nicolae_vaults_hallways_thing,
          ontoclasm_vaults_misaligned, grunt_vaults_bifocal,
          ontoclasm_vaults_tryst, hangedman_vaults_cutoff,
          nicolae_vaults_network_star, v_misc_25, v_misc_5, v_misc_18,
          nicolae_vaults_holding_cells, layout_vaults_big_room, serial_shops,
          shop, nicolae_shop_waterfront, shop_fountains,
          nicolae_trove_entry_free_sample
Depths:1: layout_gridville, enter_ziggurat_a, kennysheep_minor_cross,
          pf_hell_entry_tar_spiral, abyss_entry, minmay_parallelograms,
          kennysheep_decorative_pillar, grunt_ministairs_4, st_stairs_1,
          grunt_decor_mini_mirrors, kennysheep_generic_room_14, uniq_mara
Depths:2: minmay_the_grid_octo_tiled_squarecenter_mashed
          [minmay_the_grid_octo_clover, minmay_the_grid_octo_vomiting_pacman,
          minmay_the_grid_octo_chip, minmay_the_grid_octo_toaster,
          minmay_the_grid_square_5x5_megaprize_hollow,
          minmay_the_grid_square_5x5_minibox,
          minmay_the_grid_square_5x5_percent, minmay_the_grid_square_5x5_tie,
          minmay_the_grid_square_5x5_fat_x], layout_twisted_cross, hell_entry,
          infiniplex_staircase_zigzag_1
Depths:3: cheibrodos_salmonella, layout_cave_pools, rand_demon_pan_entry_8,
          hell_entry, uniq_frederick, uniq_sojobo, uniq_mennas
Depths:4: minmay_broken_ring, layout_basic, hex_intersection,
          abyss_entry_small_statue_room, hellmouth_1, kennysheep_generic_room_5,
          grunt_megastairs_3, minmay_staircase_windowed_large, uniq_boris
Depths:5: grunt_zot_entry_bicorn, layout_cave_shapes, abyss_entry,
          pf_dread_powers_of_hell, serial_bayou, serial_bayou_crossing,
          serial_bayou_ford_a, serial_bayou_pond_e, serial_bayou_pond_a,
          minmay_misc_feat_cross, minmay_crystal_water
Zot:1:    layout_gridlike, grunt_megastairs_5
Zot:2:    layout_twisted_circle, st_small_dragon_hoard_4
Zot:3:    kennysheep_oblong_rooms, layout_twisted_circle, zot_minivault_1
Zot:4:    layout_twisted_circle
Zot:5:    layout_basic, lemuel_golem_globe

Skill      XL: |  1  2  3  4  5  6  7  8  9 10 11 12 13 14 15 16 17 18 19 20 21 22 23 24 25 26 27 |
---------------+----------------------------------------------------------------------------------+-----
Dodging        | 3 4 5 6 7 8 10 11 13 14 15 16 17 19 20 22 25 27 | 27.0
Throwing       | 3 4 5 6 7 9 10 12 13 14 15 16 | 16.0
Fighting       | 2 3 4 5 7 9 11 12 13 15 18 25 | 25.1
Polearms       | 2 3 5 7 9 11 12 14 | 14.0
Invocations    | 2 4 6 7 8 |  8.0
Shields        | 3 5 7 11 13 15 | 15.0
Armour         | 2 4 5 6 7 10 | 10.0
Evocations     | 1 4 5 8 10 11 14 15 | 15.0
Spellcasting   | 4 5 6 8 9 10 | 10.0
Hexes          | 6 10 12 | 12.0
Air Magic      | 4 10 | 10.0
Charms         | 5 10 12 15 16 | 16.6
Necromancy     | 3 5 |  5.0

Action                   |  1- 3 |  4- 6 |  7- 9 | 10-12 | 13-15 | 16-18 | 19-21 | 22-24 | 25-27 || total
-------------------------+-------+-------+-------+-------+-------+-------+-------+-------+-------++-------
Melee: Unarmed           |    49 |       |       |       |       |       |       |       |       ||    49
       Dagger            |    62 |    50 |       |       |       |       |       |       |       ||   112
       Short sword       |       |     7 |       |       |       |       |       |       |       ||     7
       Whip              |       |    16 |   276 |   771 |   471 |       |       |       |       ||  1534
       Tailslap          |       |       |     1 |    21 |       |    18 |       |       |     1 ||    41
       Trident           |       |       |       |       |   564 |   353 |       |       |       ||   917
       Demon trident     |       |       |       |       |       |   297 |   822 |  1386 |  1797 ||  4302
Throw: Javelin           |    17 |    12 |     4 |    12 |   158 |   189 |   425 |   169 |   415 ||  1401
       Stone             |    35 |       |       |     1 |       |       |       |       |       ||    36
       Boomerang         |    22 |   142 |    32 |    39 |   476 |   922 |   173 |   121 |    82 ||  2009
       Throwing net      |     2 |     2 |       |       |       |       |       |     2 |       ||     6
       Dart              |     7 |       |       |    36 |     9 |     6 |       |       |       ||    58
 Cast: Silence           |       |       |       |       |       |       |     8 |     2 |    13 ||    23
       Spectral Weapon   |       |       |       |       |       |       |     7 |    39 |    33 ||    79
       Song of Slaying   |       |       |       |       |       |       |       |    26 |    25 ||    51
       Regeneration      |       |       |       |       |       |       |       |     9 |    23 ||    32
       Deflect Missiles  |       |       |       |       |       |       |       |     5 |     8 ||    13
Invok: Heroism           |       |       |       |     2 |    20 |     4 |       |       |     1 ||    27
       Finesse           |       |       |       |     1 |    21 |     6 |     5 |     3 |    13 ||    49
 Abil: Evoke Invisibilit |       |       |       |       |       |       |       |     1 |     1 ||     2
Evoke: Wand              |       |       |     1 |     5 |     8 |       |     2 |       |     7 ||    23
       Lamp of fire      |       |       |       |       |       |     3 |       |       |     1 ||     4
  Use: Potion            |     1 |     4 |     2 |     1 |     1 |     2 |     1 |     9 |    15 ||    36
       Scroll            |       |     5 |     9 |    15 |    16 |    12 |     9 |    15 |    11 ||    92
 Stab: Held in net/web   |       |     1 |       |       |       |       |       |       |       ||     1
       Sleeping          |       |       |     4 |     3 |     3 |     4 |       |     1 |       ||    15
       Distracted        |       |       |       |       |     1 |       |       |    12 |    11 ||    24
       Invisible         |       |       |       |       |       |       |       |       |     1 ||     1
  Eat: Chunk             |     2 |    10 |    14 |    24 |    36 |    12 |    19 |    26 |     8 ||   151
       Ration            |       |       |       |     3 |     3 |     8 |     3 |     6 |    17 ||    40
Armor: Leather armour    |    32 |    69 |    89 |   187 |   212 |    90 |    30 |    69 |    50 ||   828
       Robe              |    12 |       |       |       |       |       |       |       |       ||    12
       Fire dragon scale |       |       |       |       |       |       |       |       |    87 ||    87
Dodge: Dodged            |   161 |   150 |   243 |   745 |   848 |   457 |   246 |   435 |   958 ||  4243
       Deflected         |       |     4 |       |       |       |       |       |    22 |    41 ||    67
Block: Buckler           |       |       |       |   152 |   274 |    27 |       |       |       ||   453
       Shield            |       |       |       |       |       |   508 |   375 |   685 |  1122 ||  2690
       Rpst.: Trident    |       |       |       |       |       |     4 |       |       |       ||     4
       Demon trident     |       |       |       |       |       |    13 |    42 |    70 |   127 ||   252
